 Dungeon Crawl Stone Soup version 0.24.0-13-gcf9b319 (webtiles) character file.

Game seed: 16556452669418355542, levelgen mode: deterministic

200 Fang the Skirmisher (level 5, -3/34 HPs)
             Began as a Gargoyle Berserker on Nov 21, 2019.
             Was a Believer of Trog.
             Killed from afar by an orc wizard (6 damage)
             ... with a magic dart
             ... on level 3 of the Dungeon.
             The game lasted 00:03:15 (1930 turns).

Fang the Skirmisher (Gargoyle Berserker)            Turns: 1930, Time: 00:03:16

Health: -3/34      AC:  6    Str: 21    XL:     5   Next: 79%
Magic:  5/5        EV: 12    Int:  8    God:    Trog [**....]
Gold:   132        SH:  0    Dex:  9    Spells: 4/4 levels left

rFire    . . .     SeeInvis .   a - +0 hand axe
rCold    . . .     Gourm    .   (no shield)
rNeg     + . .     Faith    .   b - +0 animal skin
rPois    ∞         Spirit   .   (no helmet)
rElec    +         Reflect  .   (no cloak)
rCorr    .         Harm     .   (no gloves)
MR       .....                  (no boots)
Stlth    +.........             (no amulet)
HPRegen  0.11/turn              (no ring)
MPRegen  0.09/turn              (no ring)

@: berserk cooldown, slowed, very slow
A: negative energy resistance 1, electricity resistance, unbreathing,
petrification resistance, rot immunity, AC +4
a: Berserk, Trog's Hand, Renounce Religion


You were on level 3 of the Dungeon.
You worshipped Trog.
Trog was pleased with you.
You were very hungry.

You visited 1 branch of the dungeon, and saw 3 of its levels.

You collected 132 gold pieces.

Inventory:

Hand Weapons
 a - a +0 hand axe (weapon)
Armour
 b - a +0 animal skin (worn)
Jewellery
 o - a +3 ring of strength {unknown}
Scrolls
 d - a scroll of fear {unknown}
 e - a scroll of enchant armour {unknown}
 h - 2 scrolls of identify {unknown}
 m - a scroll of magic mapping {unknown}
Potions
 g - a potion of lignification {unknown}
 i - a potion of heal wounds {unknown}
 j - a potion of flight {unknown}
 k - a potion of magic {unknown}
 l - a potion of curing {unknown}
 n - a potion of degeneration {unknown}
 p - 2 potions of might {unknown}
Comestibles
 c - 8 rations
 f - 17 chunks of flesh


   Skills:
 + Level 4.4 Fighting
 + Level 3.6 Axes
 + Level 3.6 Armour
 + Level 2.7 Dodging


You had 4 spell levels left.
You didn't know any spells.
Your spell library was empty.

Dungeon Overview and Level Annotations

Branches:
Dungeon (3/15)

Altars:
Dithmenos
Hepliaklqana
Vehumet


Innate Abilities, Weirdness & Mutations

You are resistant to torment.
Your stone body is resilient. (AC +4)
You are immune to poison.
You resist negative energy. (rN+)
You are resistant to electric shocks. (rElec)
You can survive without breathing.
You are immune to petrification.
You are immune to rotting.


Message History

The orc wizard casts a spell at you. The magic dart hits you.
* * * LOW HITPOINT WARNING * * *
Things that are here:
a +0 dagger; a +0 robe; an orc corpse You feel a strong urge to attack something.
The bat barely misses you.
Things that are here:
a +0 trident; an orc corpse You are no longer berserk.
You are exhausted.
You feel as though you will be slow longer.
The bat closely misses you.
You see here a hound corpse.
You barely miss the orc wizard. You miss the bat. The bat misses you.
The orc wizard hits you with a +0 dagger.
* * * LOW HITPOINT WARNING * * *
The orc wizard points at you and mumbles some strange words.
The magic dart hits you.
You die...

÷..............# .#
#...÷÷.###.....####...#
÷.....................#
#......####...#.###[..#
#.###### #####..# .###
#.# ##.## ....# #.#
#..##..... #.#
#######o........ #..
......)@)....... ..
#.....†))...$...
#............###
#..........b.#
#......(.....#
#......###.#.# ####...
...# #(.. ..%# ....
...#


You could see an orc wizard and a bat.

Vanquished Creatures
  A hound (D:3)
  An orc wizard (D:3)
  7 adders
  A worm (D:3)
  2 dart slugs (D:1)
  3 leopard geckos
  5 orcs (D:3)
  2 giant cockroaches
  10 hobgoblins
  9 jackals
  5 bats
  A frilled lizard (D:2)
  7 goblins
  5 kobolds
  8 rats
67 creatures vanquished.

Notes
Turn   | Place    | Note
-------+----------+-------------------------------------------
     0 | D:1      | Fang the Gargoyle Berserker began the quest for the Orb.
     0 | D:1      | Reached XP level 1. HP: 14/14 MP: 1/1
   405 | D:1      | Reached XP level 2. HP: 13/19 MP: 2/2
   791 | D:1      | Reached XP level 3. HP: 16/23 MP: 3/3
  1067 | D:2      | Reached ** piety under Trog
  1113 | D:2      | Reached XP level 4. HP: 21/29 MP: 4/4
  1499 | D:2      | Reached skill level 4 in Fighting
  1636 | D:2      | Found a faded altar of an unknown god.
  1636 | D:2      | Found a hazy altar of Hepliaklqana.
  1643 | D:2      | Found a shadowy altar of Dithmenos.
  1645 | D:2      | Found a faded altar of an unknown god.
  1646 | D:2      | Found a radiant altar of Vehumet.
  1748 | D:3      | Reached XP level 5. HP: 10/33 MP: 5/5
  1930 | D:3      | Killed from afar by an orc wizard

Levels and vault maps discovered:
D:1:      eino_arrival_cavern_e, layout_basic
D:2:      layout_loops_cross, chequers_temple_overflow_minitemple,
          minmay_splitting_lines
D:3:      layout_basic, cheibrodos_sewer_entry_bend

Skill      XL: |  1  2  3  4 |
---------------+-------------+-----
Axes           | 3 |  3.6
Dodging        | 2 |  2.7
Armour         | 3 |  3.6
Fighting       | 4 |  4.4

Action                   |  1- 3 |  4- 6 || total
-------------------------+-------+-------++-------
Melee: Hand axe          |    95 |   113 ||   208
Invok: Berserk           |       |     2 ||     2
       Trog's Hand       |       |     2 ||     2
  Eat: Chunk             |     1 |     4 ||     5
Armor: Animal skin       |    45 |    83 ||   128
Dodge: Dodged            |    79 |   148 ||   227
